Map: 匹昂台地

Players

shengy - Winner!

  • Race: Zerg Zerg
  • League: Platinum

Legos

  • Race: Zerg Zerg
  • League: Diamond

VOD

Have the link to the VOD?

Description

Time

  • Played on: Jan. 1, 2016, 8:30 p.m.
  • Length: 4:41
Show
View Real Time Build Order
Export as new Build Order

shengy Zerg - Winner!

Build Orders: Pool First, Zergling Baneling 

Get SALT Encoding   

  12  0:01  Drone  
  13  0:12  Drone  
  14  0:17  Overlord  
  14  0:25  Overlord  
  14  0:37  Extractor  
  14  0:38  Drone  
  14  0:39  Drone  
  15  0:52  Spawning Pool  
  15  0:57  Drone  
  15  1:00  Drone  
  16  1:05  Drone  
  17  1:31  Hatchery  
  16  1:40  Metabolic Boost  
  16  1:43  Drone  
  17  1:47  Drone  
  17  1:52  Drone  
  19  2:02  Queen  
  21  2:11  Baneling Nest  
  20  2:17  Zergling x4  
  22  2:23  Drone  
  23  2:43  Queen  
  25  2:44  Zergling x2  
  25  2:46  Zergling x2  
  27  2:57  Overlord  
  27  3:02  Zergling x6  
  30  3:05  Baneling  
  30  3:06  Baneling x3  
  30  3:13  Zergling x6  
  30  3:15  Zergling x2  
  34  3:28  Zergling x8  
  38  3:37  Overlord  
  38  3:38  Zergling x2  
  36  4:14  Baneling x4  
Show
View Real Time Build Order
Export as new Build Order

Legos Zerg 

Build Orders: Hatch First 

Get SALT Encoding   

  12  0:01  Drone  
  13  0:10  Drone  
  14  0:17  Overlord  
  14  0:38  Drone x2  
  14  0:39  Drone  
  17  0:52  Drone  
  18  0:59  Hatchery  
  17  1:05  Drone  
  17  1:07  Extractor  
  17  1:13  Drone  
  18  1:21  Spawning Pool  
  18  1:22  Drone  
  18  1:32  Drone  
  19  1:43  Drone  
  20  1:53  Overlord  
  20  2:08  Metabolic Boost  
  20  2:13  Zergling x4  
  20  2:15  Queen x2  
  24  2:17  Zergling x2  
  27  2:25  Drone  
  27  2:27  Drone  
  29  2:39  Drone x2  
  31  2:45  Drone  
  31  2:49  Spine Crawler, Overlord  
  31  2:51  Queen  
  33  3:00  Drone x2  
  33  3:05  Drone  
  36  3:12  Drone  
  37  3:30  Hatchery  
  37  3:33  Drone x4  
  40  3:43  Drone  
  40  3:44  Drone  
  35  4:16  Zergling x2  
  31  4:17  Zergling x10  
Tags
 
Add a new tag
Caveats
  • Supply blocks, unpowered buildings, or Contaminate may cause inaccurate times.
  • Supply counts are checked every 10 seconds.